 Dungeon Crawl Stone Soup version 0.30-a0-578-gdee14c521f (webtiles) character file.

Game seed: 1528867409300779457

15360 Newt the Thaumaturge (level 12, -31/83 HPs)
             Began as a Demonspawn Gladiator on Dec 31, 2022.
             Was an Initiate of Yredelemnul.
             Killed from afar by an efreet (42 damage)
             ... with a bolt of fire
             ... in a volcano.
             The game lasted 00:26:12 (9615 turns).

Newt the Thaumaturge (Demonspawn Gladiator)         Turns: 9615, Time: 00:26:12

Health: -31/83     AC:  9    Str: 17    XL:     12   Next: 0%
Magic:  25/29      EV: 16    Int: 13    God:    Yredelemnul [......]
Gold:   704        SH:  0    Dex: 12    Spells: 26/32 levels left

rFire   x . .      SeeInvis .    H - +2 dagger (venom)
rCold   + . .      Faith    .    (no shield)
rNeg    . . .      Spirit   .    b - +0 leather armour
rPois   .          Reflect  .    (no helmet)
rElec   .          Harm     .    (no cloak)
rCorr   .          Rampage  .    (no gloves)
Will    +....                    k - +1 pair of boots
Stlth   ++                       j - amulet of regeneration
HPRegen 1.13/turn                g - +4 ring of protection
MPRegen 0.21/turn                F - ring of willpower

@: no status effects
A: repulsion field 1, demonic magic 3, demonic touch 1, clumsy 1, cold
resistance 1, high MP 1, evolution 1, heat vulnerability 1
a: Renounce Religion, Recall Undead Harvest


You were in a volcano.
You worshipped Yredelemnul.
Yredelemnul was noncommittal.
You visited 3 branches of the dungeon, and saw 12 of its levels.
You also visited: Volcano.

You collected 704 gold pieces.

Inventory:

Hand Weapons
 a - a +0 rapier
 i - a +0 dagger of freezing
 n - a +0 short sword of holy wrath
 H - a +2 dagger of venom (weapon)
 P - the +7 longbow of Extremism {drain, Int+2}
   (You found it on level 9 of the Dungeon)

   A truly terrible weapon, it drains the life of any living foe it strikes.
   Int:       It affects your intelligence (+2).
Missiles
 e - 11 javelins (quivered)
 p - 8 boomerangs
 r - 23 poisoned darts
 y - a throwing net
Armour
 b - a +0 leather armour (worn)
 c - a +0 helmet
 k - a +1 pair of boots (worn)
 t - a +2 chain mail of cold resistance
 J - a +4 ring mail of cold resistance
Jewellery
 g - a +4 ring of protection (left hand)
 j - an amulet of regeneration (around neck)
 F - a ring of willpower (right hand)
 I - a ring of flight
 N - a ring of protection from cold
Wands
 v - a wand of iceblast (8)
 x - a wand of mindburst (13)
 C - a wand of polymorph (11)
 L - a wand of flame (20)
Scrolls
 d - 2 scrolls of enchant weapon
 l - 2 scrolls of immolation
 u - 2 scrolls of magic mapping
 B - 3 scrolls of teleportation
 M - a scroll of identify
Potions
 f - 2 potions of cancellation
 h - a potion of invisibility
 m - 3 potions of degeneration
 o - a potion of berserk rage
 q - 4 potions of curing
 s - a potion of ambrosia
 w - 3 potions of brilliance
 z - 2 potions of flight
 A - a potion of magic
 D - a potion of haste
 E - 2 potions of heal wounds {unknown}
 G - a potion of resistance
 K - a potion of mutation
 Q - a potion of lignification
Miscellaneous
 O - a lightning rod (4/4)
 R - a tin of tremorstones (2/2)


   Skills:
 - Level 4.1 Fighting
 - Level 6.0 Short Blades
 - Level 3.0 Throwing
 - Level 3.0 Armour
 - Level 7.0 Dodging
 - Level 2.0 Stealth
 - Level 10.6 Spellcasting
 - Level 5.0 Conjurations
 - Level 6.0 Hexes
 + Level 4.0 Necromancy
 - Level 3.0 Air Magic
 - Level 5.0 Invocations
 - Level 5.0 Evocations


You had 26 spell levels left.
You knew the following spells:

 Your Spells              Type           Power      Damage    Failure   Level
a - Static Discharge      Conj/Air       34%        2-4/arc   3%          2
b - Dazzling Flash        Conj/Hex       42%        N/A       4%          3
c - Necrotise             Necr           68%        1d7       2%          1

Your spell library contained the following spells:

 Spells                   Type           Power      Damage    Failure   Level
 Cigotuvi's Dreadful Rot  Necr/Pois/Air  24%        N/A       8%          2
 Poisonous Vapours        Pois/Air       20%        N/A       11%         2
 Apportation              Tloc           12%        N/A       13%         1
 Summon Small Mammal      Summ           24%        N/A       13%         1
 Mephitic Cloud           Conj/Pois/Air  13%        N/A       13%         3
 Vhi's Electric Charge    Tloc/Air       20%        N/A       21%         3
 Gell's Gravitas          Tloc           6%         N/A       36%         3
 Lesser Beckoning         Tloc           12%        N/A       36%         3
 Teleport Other           Tloc           6%         N/A       36%         3
 Iskenderun's Mystic Bla  Conj/Tloc      13%        2d5       41%         4
 Arcjolt                  Conj/Air       8%         1d18      56%         5
 Lightning Bolt           Conj/Air       8%         1d21      56%         5
 Summon Mana Viper        Hex/Summ       14%        N/A       71%         5
 Manifold Assault         Tloc           6%         N/A       77%         4
 Summon Forest            Summ/Tloc      3%         N/A       98%         5
 Dispersal                Tloc           3%         N/A       100%        6
 Starburst                Conj/Fire      6%         6d4       100%        6
 Summon Cactus Giant      Summ           3%         N/A       100%        6
 Disjunction              Tloc           3%         N/A       100%        8


Dungeon Overview and Level Annotations

Branches:
Dungeon (9/15)             Temple (1/1) D:5            Lair (2/5) D:9
Volcano (1/1)
  Swamp: Lair:2-3    Shoals: Lair:2-3     Snake: Lair:2-3    Spider: Lair:2-3
    Orc: D:9-12

Altars:
Ashenzari
Cheibriados
Dithmenos
Fedhas
Gozag
Hepliaklqana
Kikubaaqudgha
Makhleb
Nemelex Xobeh
Okawaru
Qazlal
Ru
Sif Muna
Trog
Uskayaw
Vehumet
Wu Jian
Xom
Yredelemnul

Annotations:
D:3 3 runed translucent doors, wormed's ghost, weakling DgHu
D:4 1 runed translucent door, lotum's ghost, amateur OpFi


Innate Abilities, Weirdness & Mutations

You are surrounded by a mild repulsion field. (EV +2)
Spells you cast and wands you use may paralyse nearby enemies.
Your touch may inflict minor irresistible damage on your foes.
You are clumsy. (Dex -2)
Your flesh is cold resistant. (rC+)
You have an increased reservoir of magic. (+10% MP)
You have hidden genetic potential.
You are vulnerable to heat. (rF-)


Message History

Aim: a fire elemental (heavily damaged, ally target, infinite will)
The fire elemental is unaffected.
Malevolent energies surge around you. The fire elemental barely misses you.
Your lava snake zombie bites the fire elemental. x2
Aiming: Iceblast
Press: ? - help, Shift-Dir - straight line, p - fire elemental The mass of ice explodes!
The iceblast engulfs the fire elemental!!
The fire elemental is frozen!
You destroy the fire elemental!
The iceblast engulfs your lava snake zombie.
Your lava snake zombie partially resists.
Your lava snake zombie is lightly damaged.
Malevolent energies surge around you.
The lava snake zombie suddenly stops moving!
Your lava snake zombie bites the lava snake zombie.
Your Necromancy skill increases to level 4!
You have reached level 12!
You feel clever.
An efreet opens the door.
A molten gargoyle comes into view. It is wielding a +0 flail.
A fire elemental comes into view.
An earth elemental comes into view.
Found a burning altar of Makhleb.
There is a rocky tunnel leading out of this place here.
The helpless lava snake zombie fails to defend itself.
You impale the lava snake zombie!!
You destroy the lava snake zombie!
That felt strangely unrewarding.
The fire elemental hits your lava snake zombie.
The fire elemental burns your lava snake zombie!
The fire elemental hits your lava snake zombie.
The fire elemental burns your lava snake zombie!
Something unseen opens the door.
The efreet gestures at you.
The bolt of fire misses the fire elemental.
The bolt of fire misses your lava snake zombie.
The bolt of fire hits you!!! The fire burns you terribly!
Ouch! That really hurt!
You die...
Your body rises from the dead as a mindless zombie. ##.## '...+ #._.# ### .9. #... .ER

$.... ##E##
$8..⌠.#.Z.#
$.....'.∩.+
#....##.@.#
#### ##'##
#.# ##.## .
#8.8## ..
#....#..≈
##.....§≈≈§
#......§≈≈≈
#...§§≈§§≈§


You could see an earth elemental, an efreet, a fire elemental (ally target), a
molten gargoyle and a friendly lava snake zombie.

Vanquished Creatures
  A centaur warrior (D:9)
  A boulder beetle (D:9)
  2 two-headed ogres
  A tengu warrior (D:9)
  Pikel (D:9)
  An ugly thing (D:9)
  A black mamba (Lair:1)
  3 cane toads
  A kobold demonologist (D:9)
  2 komodo dragons (Lair:1)
  A tengu conjurer (D:9)
  A troll (D:9)
  A hornet (D:7)
  A shadow (D:9)
  A slime creature (D:9)
  A fire elemental (Volcano)
  3 wyverns (D:9)
  A wraith (D:9)
  A basilisk (D:9)
  3 fire bats (Volcano)
  15 yaks
  A vampire mosquito (D:9)
  7 water moccasins
  2 ice beasts (D:7)
  5 orc warriors
  A sky beast (D:7)
  2 centaurs (D:7)
  4 phantoms
  A kobold brigand (D:9)
  A gnoll sergeant (D:6)
  3 bullfrogs
  A necrophage (D:4)
  5 killer bees (D:9)
  3 howler monkeys (D:9)
  6 lava snakes (Volcano)
  2 hounds
  2 gnoll boudas (D:9)
  3 orc priests
  2 jellies (D:7)
  Terence (D:3)
  4 iguanas
  9 orc wizards
  Robin (D:3)
  5 gnolls
  5 adders
  A shadow imp (D:5)
  2 white imps (D:7)
  A lava snake zombie (Volcano)
  2 worms
  2 dart slugs
  21 orcs
  5 ball pythons
  4 bats
  12 endoplasms
  14 goblins
  8 hobgoblins
  3 quokkas
  3 frilled lizards
  5 kobolds
  4 rats
206 creatures vanquished.

Vanquished Creatures (collateral kills)
  An ugly thing (D:9)
  Maurice (D:9)
  Prince Ribbit (D:9)
  5 yaks (D:9)
  2 orc warriors
  A wight (D:9)
  A killer bee (D:9)
  A centaur zombie (D:7)
  An orc priest (D:9)
  An iguana (D:6)
  An orc wizard (D:6)
  3 gnolls (D:6)
  A white imp (D:8)
  3 orcs (D:6)
  An orc zombie (D:6)
24 creatures vanquished.

Vanquished Creatures (others)
  A slime creature zombie (D:9)
  2 wyvern zombies (D:9)
  2 water moccasin zombies (D:9)
  5 yak zombies (D:9)
  A troll zombie (D:9)
  A bullfrog zombie (D:8)
  4 killer bee zombies (D:9)
  2 human zombies (D:9)
  A howler monkey zombie (D:9)
  3 lava snake zombies (Volcano)
  3 gnoll zombies
  12 orc zombies
  2 fungi (Lair:1)
39 creatures vanquished.

Grand Total: 269 creatures vanquished

Notes
Turn   | Place    | Note
-------+----------+-------------------------------------------
     0 | D:1      | Newt the Demonspawn Gladiator began the quest for the Orb.
     0 | D:1      | Reached XP level 1. HP: 16/16 MP: 1/1
   277 | D:1      | Reached skill level 1 in Stealth
   698 | D:1      | Gained mutation: Spells you cast may paralyse adjacent
                  | enemies. [demonic ancestry]
   698 | D:1      | Reached XP level 2. HP: 22/22 MP: 2/2
  1075 | D:2      | Reached XP level 3. HP: 24/28 MP: 3/3
  1111 | D:2      | Found an ancient bone altar of Kikubaaqudgha.
  1747 | D:3      | Gained mutation: Your touch may inflict minor irresistible
                  | damage on your foes. [demonic ancestry]
  1747 | D:3      | Reached XP level 4. HP: 37/37 MP: 4/4
  1748 | D:3      | Noticed Terence
  1757 | D:3      | Killed Terence
  1775 | D:3      | Noticed wormed's ghost (weakling DgHu)
  1797 | D:3      | Found a runed translucent gate.
  1797 | D:3      | Found a runed translucent gate.
  1797 | D:3      | Found a runed translucent gate.
  1800 | D:3      | Noticed Robin
  1849 | D:3      | Killed Robin
  2436 | D:4      | Noticed a necrophage
  2450 | D:4      | Killed a necrophage
  2451 | D:4      | Reached skill level 1 in Armour
  2451 | D:4      | Reached XP level 5. HP: 35/41 MP: 5/5
  2474 | D:4      | Noticed a phantom
  2504 | D:4      | Killed a phantom
  2505 | D:4      | Reached skill level 1 in Spellcasting
  2505 | D:4      | Reached XP level 6. HP: 45/48 MP: 5/8
  2572 | D:4      | Reached skill level 2 in Spellcasting
  2835 | D:4      | Found a runed translucent door.
  2838 | D:4      | Noticed lotum's ghost (amateur OpFi)
  2945 | D:5      | Entered Level 5 of the Dungeon
  3090 | D:5      | Reached skill level 3 in Spellcasting
  3091 | D:5      | Reached skill level 1 in Conjurations
  3149 | D:5      | Found a staircase to the Ecumenical Temple.
  3166 | Temple   | Entered the Ecumenical Temple
  3302 | Temple   | Became a worshipper of Yredelemnul the Dark
  3398 | D:5      | Reached * piety under Yredelemnul
  3995 | D:6      | You fall into a shaft and drop 2 floors!
  4023 | D:8      | Noticed an orc warrior
  4036 | D:8      | Gained mutation: Spells you cast may paralyse nearby
                  | enemies. [demonic ancestry]
  4036 | D:8      | Reached XP level 7. HP: 8/54 MP: 11/11
  4069 | D:7      | Noticed a hornet
  4109 | D:8      | Learned a level 2 spell: Static Discharge
  4146 | D:7      | Reached skill level 1 in Air Magic
  4301 | D:6      | Reached ** piety under Yredelemnul
  4302 | D:6      | Reached skill level 4 in Spellcasting
  4425 | D:6      | Reached XP level 8. HP: 53/60 MP: 15/15
  4428 | D:6      | Reached *** piety under Yredelemnul
  4428 | D:6      | Reached skill level 5 in Spellcasting
  4630 | D:7      | Paralysed by a hornet for 1 turns
  4634 | D:7      | Killed a hornet
  4635 | D:7      | Reached skill level 6 in Spellcasting
  4833 | D:7      | Reached skill level 5 in Dodging
  5141 | D:7      | Gained mutation: You are surrounded by a mild repulsion
                  | field. (EV +2) [demonic ancestry]
  5141 | D:7      | Reached XP level 9. HP: 65/65 MP: 18/18
  5495 | D:8      | Reached skill level 5 in Conjurations
  5545 | D:8      | Learned a level 3 spell: Dazzling Flash
  5565 | D:8      | Reached skill level 1 in Hexes
  5725 | D:8      | Noticed a two-headed ogre
  5729 | D:8      | Killed a two-headed ogre
  5755 | D:8      | Found a broken altar of Ashenzari.
  5755 | D:8      | Found a burning altar of Makhleb.
  5757 | D:8      | Found a shimmering altar of Xom.
  5776 | D:8      | Reached skill level 5 in Hexes
  5800 | D:8      | Found a shadowy altar of Dithmenos.
  5801 | D:8      | Found an iron altar of Okawaru.
  5935 | D:8      | Found a shimmering blue altar of Sif Muna.
  5936 | D:8      | Found an ornate altar of the Wu Jian Council.
  5936 | D:8      | Found a blossoming altar of Fedhas.
  6153 | D:9      | Noticed a troll
  6154 | D:9      | Found a staircase to the Lair.
  6155 | D:9      | Noticed Pikel
  6162 | D:9      | Killed Pikel
  6163 | D:9      | Reached skill level 5 in Short Blades
  6166 | D:9      | Killed a troll
  6167 | D:9      | Reached XP level 10. HP: 32/71 MP: 10/19
  6406 | D:9      | Reached skill level 1 in Evocations
  6580 | D:9      | Noticed Prince Ribbit
  6581 | D:9      | Noticed Maurice
  6615 | D:9      | Killed Prince Ribbit
  6620 | D:9      | Killed Maurice
  6729 | D:9      | Reached skill level 5 in Evocations
  6729 | D:9      | Reached skill level 1 in Invocations
  6836 | D:9      | Reached skill level 5 in Invocations
  6919 | D:9      | Reached **** piety under Yredelemnul
  6919 | D:9      | Reached ***** piety under Yredelemnul
  6932 | D:9      | Noticed a centaur warrior
  6946 | D:9      | Killed a centaur warrior
  6947 | D:9      | Reached skill level 7 in Spellcasting
  6959 | D:9      | Gained mutation: Spells you cast and wands you use may
                  | paralyse nearby enemies. [demonic ancestry]
  6959 | D:9      | Reached XP level 11. HP: 39/77 MP: 6/22
  6964 | D:9      | Reached skill level 8 in Spellcasting
  7015 | D:9      | Noticed a two-headed ogre
  7068 | D:9      | Killed a two-headed ogre
  7081 | D:9      | Your ally Maurice died
  7285 | D:9      | Reached skill level 9 in Spellcasting
  7427 | D:9      | Noticed a brown ugly thing
  7427 | D:9      | Noticed a boulder beetle
  7427 | D:9      | Noticed a purple ugly thing
  7427 | D:9      | Noticed a tengu warrior
  7443 | D:9      | Your ally Prince Ribbit died
  7447 | D:9      | Killed a brown ugly thing
  7448 | D:9      | Killed a purple ugly thing
  8128 | D:9      | Killed a boulder beetle
  8137 | D:9      | Killed a tengu warrior
  8329 | D:9      | Identified the +7 longbow of Extremism {drain, Int+2}
  8466 | Lair:1   | Entered Level 1 of the Lair of Beasts
  8482 | Lair:1   | Reached skill level 10 in Spellcasting
  8751 | Lair:1   | Gained mutation: You are strong-willed. (Will+) [potion of
                  | mutation]
  8751 | Lair:1   | Gained mutation: Your spells are a little easier to cast,
                  | but a little less powerful. [potion of mutation]
  8751 | Lair:1   | Gained mutation: You have a pair of small antennae on your
                  | head. [potion of mutation]
  8752 | Lair:1   | Lost mutation: Your spells are a little easier to cast, but
                  | a little less powerful. [potion of mutation]
  8752 | Lair:1   | Lost mutation: You have a pair of small antennae on your
                  | head. [potion of mutation]
  8752 | Lair:1   | Lost mutation: You are strong-willed. (Will+) [potion of
                  | mutation]
  8752 | Lair:1   | Gained mutation: You have an increased reservoir of magic.
                  | (+10% MP) [potion of mutation]
  8752 | Lair:1   | Gained mutation: Your system is resistant to poisons.
                  | (rPois) [potion of mutation]
  8752 | Lair:1   | Gained mutation: You occasionally lose the ability to read
                  | scrolls when taking damage. [potion of mutation]
  8753 | Lair:1   | Lost mutation: You occasionally lose the ability to read
                  | scrolls when taking damage. [potion of mutation]
  8753 | Lair:1   | Lost mutation: Your system is resistant to poisons. (rPois)
                  | [potion of mutation]
  8753 | Lair:1   | Gained mutation: Your flesh is cold resistant. (rC+)
                  | [potion of mutation]
  8753 | Lair:1   | Gained mutation: You are clumsy. (Dex -2) [potion of
                  | mutation]
  8753 | Lair:1   | Gained mutation: You are vulnerable to heat. (rF-) [potion
                  | of mutation]
  8753 | Lair:1   | Gained mutation: You have hidden genetic potential. [potion
                  | of mutation]
  9046 | Lair:1   | Learned a level 1 spell: Necrotise
  9172 | Lair:1   | Reached skill level 1 in Necromancy
  9413 | Lair:2   | Found a dark tunnel.
  9420 | Volcano  | Entered a volcano
  9613 | Volcano  | Reached XP level 12. HP: 8/83 MP: 24/29
  9613 | Volcano  | Found a burning altar of Makhleb.
  9615 | Volcano  | Killed from afar by an efreet

Illustrated notes

Levels and vault maps discovered:
D:1:      wander_arrival_desolate, layout_loops_corners, st_stairs_8
D:2:      layout_rooms, basic_altar, dreamdust_mushroom_princess,
          nicolae_concentric_dashed_squares_wild, hex_tiny
D:3:      layout_loops_ring, gammafunk_ghost_split, uniq_robin, uniq_terence
D:4:      layout_loops_ring, ebering_ghost_reflecting_pool
D:5:      layout_loops_corners, minmay_temple_entry_slanted
D:6:      layout_rooms
D:7:      layout_loops_ring, grunt_ministairs_13
D:8:      layout_basic, grunt_temple_overflow_open, kennysheep_generic_room_16
D:9:      minmay_the_grid_triangle_9x9_rhombus_full
          [minmay_the_grid_triangle_9x9_dagger,
          minmay_the_grid_triangle_9x9_skeleton,
          minmay_the_grid_triangle_9x9_zippers_horizontal,
          minmay_the_grid_triangle_9x9_checkered,
          minmay_the_grid_triangle_9x9_steps,
          minmay_the_grid_triangle_9x9_descending_squares,
          minmay_the_grid_triangle_9x9_windchime,
          minmay_the_grid_triangle_9x9_prize_top_heavy], layout_basic,
          hangedman_decor_lopped, uniq_maurice, uniq_prince_ribbit1, uniq_pikel
Temple:   nicolae_temple_two_arcs
Lair:1:   layout_regular_city, lemuel_fruit_fields
Lair:2:   layout_chaotic_city, minmay_swamp_entry_worms, basic_altar,
          nicolae_volcano_entry_lava_flow, gammafunk_ghost_icy
Volcano:  volcano_grotto [vgs_many_chambers]

Skill      XL: |  1  2  3  4  5  6  7  8  9 10 11 |
---------------+----------------------------------+-----
Stealth        | 1 2 |  2.0
Fighting       | 3 4 |  4.1
Throwing       | 3 |  3.0
Armour         | 1 2 3 |  3.0
Spellcasting   | 1 3 4 6 7 10 | 10.6
Conjurations   | 3 5 |  5.0
Air Magic      | 3 |  3.0
Dodging        | 5 7 |  7.0
Short Blades   | 4 5 6 |  6.0
Hexes          | 6 |  6.0
Evocations     | 5 |  5.0
Invocations    | 5 |  5.0
Necromancy     | 4 |  4.0

Action                   |  1- 3 |  4- 6 |  7- 9 | 10-12 || total
-------------------------+-------+-------+-------+-------++-------
Melee: Rapier            |   180 |    35 |       |       ||   215
       Punch             |     1 |       |     1 |     4 ||     6
       Dagger            |       |   146 |   187 |   283 ||   616
       Touch             |       |    30 |    41 |    62 ||   133
Throw: Javelin           |     1 |     4 |       |       ||     5
       Throwing net      |     1 |     2 |     1 |       ||     4
 Cast: Static Discharge  |       |       |    18 |     6 ||    24
       Dazzling Flash    |       |       |     6 |    61 ||    67
Invok: Dark Bargain      |       |       |       |     2 ||     2
       Recall Undead Har |       |       |       |     3 ||     3
Evoke: Wand              |       |       |       |     3 ||     3
  Use: Scroll            |     3 |     3 |     4 |     4 ||    14
       Potion            |       |       |     3 |     6 ||     9
 Stab: Sleeping          |     4 |     4 |     4 |     3 ||    15
       Held in net/web   |     1 |     1 |       |       ||     2
       Paralysed         |       |       |    25 |    52 ||    77
       Invisible         |       |       |     3 |     8 ||    11
       Distracted        |       |       |     1 |     1 ||     2
Armor: Leather armour    |    83 |    83 |    74 |    66 ||   306
Dodge: Dodged            |   144 |   111 |   103 |   202 ||   560

Table legend: (Time is in decaauts)
 A = Elapsed time spent in this place.
 B = Non-inter-level travel time spent in this place.
 C = Inter-level travel time spent in this place.
 D = Time resting spent in this place.
 E = Time spent auto-exploring this place.
 F = Levels seen in this place.
 G = Mean time per level.
                   A        B        C        D        E       F      G
               +--------+--------+--------+--------+--------+-----+--------+
         Total |   9513 |   9087 |    426 |   1279 |   5777 |  13 |  731.8 |
       Dungeon |   8235 |   7849 |    386 |   1012 |   5082 |   9 |  915.0 |
        Temple |    144 |    123 |     21 |      0 |    106 |   1 |  144.0 |
          Lair |    942 |    924 |     18 |    199 |    589 |   2 |  471.0 |
       Volcano |    190 |    190 |      0 |     68 |      0 |   1 |  190.0 |
               +--------+--------+--------+--------+--------+-----+--------+

Top non-repeatable levels by time:
     D:9: 2253 daAuts
     D:1: 909 daAuts
  Lair:1: 896 daAuts
     D:8: 857 daAuts
     D:5: 855 daAuts
     D:7: 816 daAuts
     D:3: 785 daAuts
     D:4: 634 daAuts
     D:2: 619 daAuts
     D:6: 505 daAuts
 Volcano: 190 daAuts
  Temple: 144 daAuts
  Lair:2: 45 daAuts
